 Dungeon Crawl Stone Soup version 0.18-a0-1764-gf4ddf0b (webtiles) character file.

11531 Gorice the Artisan of Death (level 11, -2/78 HPs)
             Began as a Demonspawn Necromancer on Apr 13, 2016.
             Was a Priest of Kikubaaqudgha.
             Slain by an elephant (7 damage)
             ... on level 3 of the Lair of Beasts.
             The game lasted 01:06:02 (10090 turns).

Gorice the Artisan of Death (DsNe)                 Turns: 10090, Time: 01:06:03

Health: -2/78      AC: 12    Str:  9    XL:     11   Next: 50%
Magic:  5/24       EV:  2    Int: 19    God:    Kikubaaqudgha [***...]
Gold:   564        SH:  0    Dex: 14    Spells: 8 memorised, 8 levels left

rFire  . . .     SeeInvis .     a - +3 rapier (elec)
rCold  + + .     Gourm    .     R - +0 ring mail {rPois}
rNeg   + + +     Faith    .     (no shield)
rPois  ∞         Spirit   .     w - +0 helmet
rElec  .         Dismiss  .     N - +0 cloak
rCorr  .         Reflect  .     A - +0 pair of gloves
SustAt .         Harm     .     (boots unavailable)
MR     .....                    (no amulet)
Stlth  +.........               U - ring of protection from cold
                                L - ring of protection from cold

@: petrified, not resistant to hostile enchantments, very unstealthy
A: talons 3, iridescent scales 1, powered by pain 1, spiny 2
a: Receive Corpses, Renounce Religion


You were on level 3 of the Lair of Beasts.
You worshipped Kikubaaqudgha.
Kikubaaqudgha was most pleased with you.
You were not hungry.

You visited 3 branches of the dungeon, and saw 13 of its levels.

You collected 564 gold pieces.

Inventory:

Hand Weapons
 a - a +3 rapier of electrocution (weapon)
   (You found it on level 4 of the Dungeon)
 f - the +5 rapier of Contradiction {flame, rN+ Int+2}
   (You found it on level 9 of the Dungeon)

   It has been specially enchanted to burn those struck by it, causing extra
   injury to most foes and up to half again as much damage against particularly
   susceptible opponents.
   It affects your intelligence (+2).
   It protects you from negative energy.
Missiles
 I - 12 javelins (quivered)
 Y - a throwing net
Armour
 w - a +0 helmet (worn)
 A - a +0 pair of gloves (worn)
 N - a +0 cloak (worn)
 R - a +0 ring mail of poison resistance (worn)
   (You found it on level 7 of the Dungeon)
Magical Staves
 g - an uncursed staff of earth
Rods
 S - a +0 rod of shadows (11/11) {!a}
   (You found it on level 3 of the Dungeon)
Jewellery
 L - a ring of protection from cold (left hand)
 U - a ring of protection from cold (right hand)
Wands
 b - a wand of slowing (25/48)
 u - a wand of lightning (0/15)
 B - a wand of lightning (8/15)
 G - a wand of paralysis (5/24)
 M - a wand of iceblast (5/15)
 V - a wand of disintegration (19/24)
Scrolls
 k - 2 scrolls of magic mapping {!r}
 t - 4 scrolls of teleportation {!r}
 C - 5 scrolls of remove curse
 O - a scroll of blinking
Potions
 i - a potion of agility {unknown}
 j - a potion of invisibility {unknown}
 m - 4 potions of curing
 n - 2 potions of lignification {!q}
 p - 3 potions of resistance {!q}
 z - a potion of flight {unknown}
 D - a potion of cancellation {unknown}
 F - a potion of brilliance {unknown}
 J - 2 potions of degeneration {unknown}
 W - 4 potions of might {unknown}
Books
 d - a Young Poisoner's Handbook
 e - the Collected Works on Flames and Moulding
   (You found it on level 1 of the Lair of Beasts)

   Spells                             Type                      Level
   a - Flame Tongue                   Conjuration/Fire             1
   b - Beastly Appendage              Transmutation                1
   c - Inner Flame                    Hexes/Fire                   3
   d - Spider Form                    Transmutation/Poison         3
   e - Alistair's Intoxication        Transmutation/Poison         5
   f - Bolt of Fire                   Conjuration/Fire             6
 h - Kikubaaqudgha's Grimoire of Necromancy
   (Kikubaaqudgha gifted it to you on level 3 of the Lair of Beasts)

   Spells                             Type                      Level
   a - Excruciating Wounds            Charms/Necromancy            5
   b - Agony                          Necromancy                   5
   c - Cigotuvi's Embrace             Necromancy                   5
   d - Dispel Undead                  Necromancy                   5
   e - Death Channel                  Necromancy                   6
 y - a book of Frost
Comestibles
 c - 11 bread rations {!e}
 l - 5 meat rations {!e}
 q - a beef jerky
 s - 3 fruits


   Skills:
 + Level 4.5 Fighting
 + Level 4.5 Dodging
 - Level 1.7 Stealth
 - Level 9.0 Spellcasting
 - Level 6.5 Charms
 - Level 13.0 Necromancy
 + Level 4.3 Evocations


You had 8 spell levels left.
You knew the following spells:

 Your Spells              Type           Power        Failure   Level  Hunger
a - Pain                  Necr           ####         1%          1    None
b - Animate Skeleton      Necr           N/A          1%          1    None
c - Vampiric Draining     Necr           ######....   1%          3    None
d - Animate Dead          Necr           N/A          1%          4    ###....
e - Control Undead        Necr           ######....   1%          4    ###....
f - Corpse Rot            Necr           N/A          1%          2    None
g - Sublimation of Blood  Necr           ######....   1%          2    None
R - Regeneration          Chrm/Necr      #####.....   1%          3    None


Dungeon Overview and Level Annotations

Branches:
Dungeon (9/15)             Temple (1/1) D:7            Lair (3/8) D:9
  Swamp: Lair:3-6    Shoals: Lair:3-6     Snake: Lair:3-6    Spider: Lair:3-6
    Orc: D:9-12

Altars:
Ashenzari
Cheibriados
Dithmenos
Elyvilon
Fedhas
Gozag
Kikubaaqudgha
Makhleb
Nemelex Xobeh
Okawaru
Pakellas
Qazlal
Ru
Sif Muna
Trog
Vehumet
Xom
Yredelemnul
Zin
The Shining One


Innate Abilities, Weirdness & Mutations

You have claws for feet.
You are partially covered in iridescent scales (AC +4).
You sometimes gain a little power by taking damage.
You are mostly covered in sharp spines.


Message History

The elephant tramples your rime drake zombie!!
Your rime drake zombie holds its ground!
Your rime drake zombie is destroyed!
There is a stone staircase leading up here.
The elephant is struck by your spines. The elephant tramples you.
* * * LOW HITPOINT WARNING * * *
You stumble backwards!
You stop ascending the stairs.
Damage: 1 (max 9)
A basilisk comes into view.
The electric eel shoots out a bolt of lightning at you!
The bolt of electricity hits you!
* * * LOW HITPOINT WARNING * * *
The basilisk gazes at you.
You are slowing down.
Damage: 1 (max 9)
Your limbs are stiffening.
The basilisk gazes at you. You resist with some effort.
The elephant is struck by your spines. The elephant barely misses you.
The elephant trunk-slaps you but does no damage.
The basilisk gazes at you.
Your limbs have turned to stone.
The elephant tramples you!
* * * LOW HITPOINT WARNING * * *
You stumble backwards!
You have turned to stone.
The elephant barely misses you.
The elephant trunk-slaps you but does no damage.
The basilisk gazes at you. The elephant is struck by your spines.
The elephant tramples you but does no damage.
The elephant trunk-slaps you but does no damage.
The elephant is struck by your spines.
The elephant tramples you but does no damage.
The elephant trunk-slaps you but does no damage.
The elephant is struck by your spines. The elephant tramples you.
* * * LOW HITPOINT WARNING * * *
You stumble backwards!
The elephant is struck by your spines.
The elephant tramples you but does no damage.
The elephant trunk-slaps you but does no damage.
The elephant is struck by your spines. The elephant tramples you.
* * * LOW HITPOINT WARNING * * *
You hold your ground!
The elephant trunk-slaps you. The elephant tramples you!
* * * LOW HITPOINT WARNING * * *
You stumble backwards!
Found a stone staircase leading down.
The elephant tramples you!
* * * LOW HITPOINT WARNING * * *
You stumble backwards!
The elephant is struck by your spines. The elephant tramples you!
You die...
Kikubaaqudgha rasps: "You have failed me!
Welcome... oblivion!"

##..# #PP.# #PP.##
#P..P ##...###.......
....#.#........
##...............
#.@..#.#..........
###Y## .........PP≈
.###...###.........≈≈
.........l.l......≈≈≈≈
........Z.........≈≈≈≈
>..................;≈≈≈
.....######........P≈≈.
.P... .#...............
#.....#................


You could see an elephant, a basilisk and a friendly elephant zombie.

Vanquished Creatures
  The ghost of ThereIsNoGod the Skirmisher, a novice MiFi of Makhleb (D:6)
  A black mamba (Lair:1)
  A komodo dragon (Lair:3)
  2 rime drakes
  A polar bear (Lair:2)
  8 blink frogs (Lair:2)
  A basilisk (D:9)
  7 yaks
  A hungry ghost (D:9)
  A hippogriff (Lair:1)
  5 water moccasins
  3 orc warriors
  6 porcupines
  2 ice beasts
  A phantom (D:9)
  A black bear (Lair:2)
  2 wasps
  2 centaurs
  4 ogres
  A big kobold (D:7)
  6 crocodiles
  6 giant frogs
  3 scorpions
  6 crimson imps
  A jelly (D:8)
  A gnoll shaman (D:8)
  2 orc priests
  3 hounds
  2 centaur skeletons
  A giant frog skeleton (D:4)
  6 orc wizards
  2 iguanas
  3 worker ants (D:5)
  6 hell rats (Lair:3)
  A hound zombie (D:8)
  A hound skeleton (D:7)
  5 gnolls
  A howler monkey zombie (D:6)
  16 adders
  10 river rats
  3 shadow imps
  An ooze (D:4)
  4 worms
  2 dart slugs
  5 giant geckos
  25 orcs
  4 giant cockroaches
  5 goblins
  9 hobgoblins
  4 jackals
  6 quokkas
  5 bats
  3 giant newts
  A jackal zombie (D:8)
  17 kobolds
  A quokka skeleton (D:5)
  25 rats
253 creatures vanquished.

Vanquished Creatures (collateral kills)
  Harold (Lair:1)
  The ghost of epen the Unweaver, a novice NaAK of Lugonu (D:8)
  An elephant (Lair:3)
  3 komodo dragons (Lair:2)
  A blink frog (Lair:2)
  A two-headed ogre (D:8)
  A yak (D:9)
  A basilisk (D:9)
  A hippogriff (Lair:2)
  A black bear (D:7)
  An ogre (D:8)
  A big kobold (D:9)
  An electric eel (Lair:2)
  A crimson imp (D:6)
  A gnoll shaman (D:4)
  A giant frog skeleton (D:8)
  2 orc priests
  4 gnolls
  An adder (D:2)
  2 river rats (D:9)
  A worm (D:2)
  An orc (D:8)
  A hobgoblin (D:2)
  3 jackals
  2 kobolds (D:9)
  A giant gecko zombie (D:8)
  A goblin (D:2)
37 creatures vanquished.

Vanquished Creatures (others)
  A wizard (D:6)
  3 plants (D:9)
4 creatures vanquished.

Grand Total: 294 creatures vanquished

Notes
Turn   | Place    | Note
--------------------------------------------------------------
     0 | D:1      | Gorice the Demonspawn Necromancer began the quest for the Orb.
     0 | D:1      | Reached XP level 1. HP: 13/13 MP: 3/3
   198 | D:1      | Gained mutation: You are partially covered in sharp spines. [demonic ancestry]
   198 | D:1      | Reached XP level 2. HP: 13/19 MP: 1/5
   727 | D:1      | Reached skill level 5 in Necromancy
  1292 | D:2      | Gained mutation: You are partially covered in iridescent scales (AC +4). [demonic ancestry]
  1292 | D:2      | Reached XP level 3. HP: 23/24 MP: 4/6
  1336 | D:2      | Learned a level 1 spell: Animate Skeleton
  1489 | D:2      | Gained mutation: You have sharp toenails. [demonic ancestry]
  1489 | D:2      | Reached XP level 4. HP: 25/30 MP: 2/8
  1625 | D:2      | Reached skill level 3 in Spellcasting
  1878 | D:3      | Reached skill level 6 in Necromancy
  1990 | D:3      | Identified a +0 rod of shadows (11/11) (You found it on level 3 of the Dungeon)
  2534 | D:4      | Reached XP level 5. HP: 12/35 MP: 4/10
  2826 | D:4      | Found a bloodstained altar of Trog.
  2827 | D:4      | Found a deep blue altar of Sif Muna.
  2941 | D:4      | Found an oddly glowing altar of Pakellas.
  2941 | D:4      | Found a sparkling altar of Nemelex Xobeh.
  2943 | D:4      | Found a blossoming altar of Fedhas.
  2943 | D:4      | Found a sacrificial altar of Ru.
  3020 | D:4      | Noticed an ice beast
  3026 | D:4      | Killed an ice beast
  3026 | D:4      | Reached skill level 7 in Necromancy
  3026 | D:4      | Gained mutation: You have razor-sharp toenails. [demonic ancestry]
  3026 | D:4      | Reached XP level 6. HP: 31/41 MP: 9/11
  3270 | D:4      | Reached skill level 4 in Spellcasting
  3425 | D:4      | Learned a level 3 spell: Vampiric Draining
  3443 | D:5      | Entered Level 5 of the Dungeon
  3501 | D:5      | Reached skill level 8 in Necromancy
  3532 | D:5      | Reached XP level 7. HP: 46/46 MP: 13/13
  4016 | D:5      | Reached skill level 9 in Necromancy
  4231 | D:5      | Reached skill level 5 in Spellcasting
  4482 | D:6      | Gained mutation: You have claws for feet. [demonic ancestry]
  4482 | D:6      | Reached XP level 8. HP: 52/52 MP: 15/15
  4591 | D:6      | Noticed ThereIsNoGod's ghost (novice MiFi)
  4616 | D:6      | Killed ThereIsNoGod's ghost
  4616 | D:6      | Reached skill level 10 in Necromancy
  4625 | D:6      | Learned a level 4 spell: Animate Dead
  4630 | D:6      | Learned a level 4 spell: Control Undead
  4784 | D:6      | Found a bloodstained altar of Trog.
  4804 | D:6      | Noticed a wizard
  4809 | D:6      | Killed a wizard
  5029 | D:7      | Found a staircase to the Ecumenical Temple.
  5042 | D:7      | Reached skill level 6 in Spellcasting
  5069 | D:7      | Found a shimmering altar of Xom.
  5075 | D:7      | Noticed an angel
  5080 | D:7      | Found a glowing silver altar of Zin.
  5223 | D:7      | Reached skill level 11 in Necromancy
  5379 | D:7      | Gained mutation: You are mostly covered in sharp spines. [demonic ancestry]
  5379 | D:7      | Reached XP level 9. HP: 48/57 MP: 18/18
  5435 | Temple   | Entered the Ecumenical Temple
  5649 | Temple   | Became a worshipper of Kikubaaqudgha
  6001 | D:8      | Learned a level 3 spell: Regeneration
  6184 | D:8      | Reached skill level 12 in Necromancy
  6185 | D:8      | Reached * piety under Kikubaaqudgha
  6185 | D:8      | Received a gift from Kikubaaqudgha
  6187 | D:8      | Identified Kikubaaqudgha's Guide on Evil Arts (Kikubaaqudgha gifted it to you on level 8 of the Dungeon)
  6199 | D:8      | Noticed epen's ghost (novice NaAK)
  6213 | D:8      | Killed epen's ghost
  6213 | D:8      | Reached skill level 7 in Spellcasting
  7121 | D:9      | Reached skill level 13 in Necromancy
  7130 | D:9      | Learned a level 2 spell: Corpse Rot
  7133 | D:9      | Learned a level 2 spell: Sublimation of Blood
  7141 | D:9      | Reached skill level 1 in Charms
  7195 | D:9      | Paralysed by a wasp for 3 turns
  7195 | D:9      | Reached skill level 2 in Charms
  7195 | D:9      | Reached XP level 10. HP: 29/63 MP: 18/21
  7201 | D:9      | HP: 15/63 [yak (9)]
  7202 | D:9      | HP: 7/63 [yak (8)]
  7237 | D:9      | Reached skill level 3 in Charms
  7240 | D:9      | Reached skill level 8 in Spellcasting
  7484 | D:9      | Reached skill level 4 in Charms
  7498 | D:9      | Reached ** piety under Kikubaaqudgha
  7507 | D:9      | Reached skill level 5 in Charms
  7540 | D:9      | HP: 14/63 [crocodile (6)]
  7779 | D:9      | Found a staircase to the Lair.
  7806 | D:9      | Got a transparent rapier
  7807 | D:9      | Identified the +5 rapier of Contradiction {flame, rN+ Int+2} (You found it on level 9 of the Dungeon)
  8131 | Lair:1   | Entered Level 1 of the Lair of Beasts
  8278 | Lair:1   | Reached skill level 6 in Charms
  8314 | Lair:1   | Identified the Collected Works on Flames and Moulding
  8383 | Lair:1   | Noticed Harold
  8395 | Lair:1   | Killed Harold
  8395 | Lair:1   | Reached skill level 9 in Spellcasting
  8499 | Lair:1   | Noticed a black mamba
  8502 | Lair:1   | Killed a black mamba
  8502 | Lair:1   | Reached skill level 1 in Fighting
  8502 | Lair:1   | Reached skill level 2 in Dodging
  8502 | Lair:1   | Reached skill level 1 in Evocations
  9016 | Lair:2   | Gained mutation: You sometimes gain a little power by taking damage. [demonic ancestry]
  9016 | Lair:2   | Reached XP level 11. HP: 32/72 MP: 24/24
  9016 | Lair:2   | HP: 19/72 [blink frog (13)]
  9019 | Lair:2   | Reached skill level 2 in Fighting
  9019 | Lair:2   | Reached skill level 2 in Evocations
  9022 | Lair:2   | Reached skill level 3 in Dodging
  9264 | Lair:2   | Reached skill level 3 in Fighting
  9265 | Lair:2   | Reached skill level 3 in Evocations
  9870 | Lair:3   | Reached skill level 4 in Dodging
  9882 | Lair:3   | Reached skill level 4 in Fighting
  9886 | Lair:3   | Reached skill level 4 in Evocations
 10001 | Lair:3   | Reached *** piety under Kikubaaqudgha
 10001 | Lair:3   | Received a gift from Kikubaaqudgha
 10004 | Lair:3   | Identified Kikubaaqudgha's Grimoire of Necromancy (Kikubaaqudgha gifted it to you on level 3 of the Lair of Beasts)
 10067 | Lair:3   | HP: 19/78 [elephant (7)]
 10077 | Lair:3   | HP: 20/78 [elephant (1)]
 10083 | Lair:3   | HP: 17/78 [elephant (4)]
 10088 | Lair:3   | HP: 14/78 [elephant (3)]
 10089 | Lair:3   | HP: 4/78 [elephant (3)]
 10090 | Lair:3   | Slain by an elephant

Vault maps used:
D:1:      eino_arrival_druids_welcome
D:4:      grunt_temple_overflow_open, first_bread
D:5:      dk_rats_in_the_wall
D:6:      serial_glass, glass_columns_a, glass_columns_a, trog_wizard
D:7:      grunt_temple_overflow_order_and_chaos_1, temple_pool_a
D:9:      minmay_lair_entry_grove, kennysheep_generic_room_12
Temple:   chambers_temple_12
Lair:1:   grunt_megastairs_2, uniq_harold
Lair:2:   gammafunk_lair_bear_cave, beast_lair_carwin_2
Lair:3:   nicolae_spider_entry_orb_guardian, basic_altar, fungi_pond_lemuel,
          infiniplex_staircase_pool_2

Skill      XL: |  1  2  3  4  5  6  7  8  9 10 11 |
---------------+----------------------------------+-----
Necromancy     | 5 6 7 8 9 11 13 | 13.0
Spellcasting   | 3 4 5 6 7 9 |  9.0
Charms         | 2 6 |  6.5
Fighting       | 1 4 |  4.5
Dodging        | 2 4 |  4.5
Evocations     | 1 4 |  4.3
Stealth        | |  1.7

Action                   |  1- 3 |  4- 6 |  7- 9 | 10-12 || total
-------------------------+-------+-------+-------+-------++-------
Melee: Dagger            |    36 |    32 |       |       ||    68
       Kick              |       |    10 |    44 |    24 ||    78
       Rapier            |       |    19 |   227 |   121 ||   367
 Fire: Hunting sling     |       |     3 |     4 |       ||     7
Throw: Javelin           |       |       |     1 |     3 ||     4
       Throwing net      |       |       |       |     1 ||     1
 Cast: Pain              |    45 |    67 |    35 |    34 ||   181
       Animate Skeleton  |     6 |    17 |    46 |     8 ||    77
       Animate Dead      |       |       |     3 |    23 ||    26
       Vampiric Draining |       |       |       |    44 ||    44
Evoke: Whip              |       |     2 |     2 |     2 ||     6
       Club              |       |       |     2 |       ||     2
  Use: Scroll            |     5 |     6 |     3 |     5 ||    19
       Potion            |       |     1 |       |     1 ||     2
 Stab: Sleeping          |     1 |     3 |       |       ||     4
       Distracted        |       |       |     1 |     1 ||     2
  Eat: Chunk             |     2 |     7 |    12 |    10 ||    31
       Pizza             |       |       |     1 |     2 ||     3
       Fruit             |       |       |       |     1 ||     1
Armor: Ring mail         |    10 |    24 |   118 |    57 ||   209
Dodge: Dodged            |    21 |    24 |    98 |    90 ||   233

Table legend:
 A = Turns spent in this place as a percentage of turns spent in the entire game.
 B = Non-inter-level travel turns spent in this place as a percentage of non-inter-level travel turns spent in the entire game.
 C = Inter-level travel turns spent in this place as a percentage of turns spent in this place.
 D = Turns resting spent in this place as a percentage of non-inter-level travel turns spent in this place.
 E = Turns spent auto-exploring this place as a percentage of non-inter-level travel turns spent in this place.
 F = Non-inter-level travel turns spent in this place divided by the number of levels of this place that you've seen.
                   A       B       C       D       E      F
               +-------+-------+-------+-------+-------+----------------------
         Total | 100.0 | 100.0 |   0.4 |   1.8 |   5.9 | 282.7
       Dungeon |  81.2 |  81.2 |   0.4 |   1.6 |   5.5 | 331.7
        Temple |   1.5 |   1.4 |   1.9 |   5.7 |  24.5 |  53.0
          Lair |  17.3 |  17.3 |   0.2 |   2.2 |   6.3 | 212.3
               +-------+-------+-------+-------+-------+----------------------

Vault maps used:
D:1:      eino_arrival_druids_welcome
D:4:      grunt_temple_overflow_open, first_bread
D:5:      dk_rats_in_the_wall
D:6:      serial_glass, glass_columns_a, glass_columns_a, trog_wizard
D:7:      grunt_temple_overflow_order_and_chaos_1, temple_pool_a
D:9:      minmay_lair_entry_grove, kennysheep_generic_room_12
Temple:   chambers_temple_12
Lair:1:   grunt_megastairs_2, uniq_harold
Lair:2:   gammafunk_lair_bear_cave, beast_lair_carwin_2
Lair:3:   nicolae_spider_entry_orb_guardian, basic_altar, fungi_pond_lemuel,
          infiniplex_staircase_pool_2
